 Dungeon Crawl Stone Soup version 0.31-a0-851-g7ff8af7976 (webtiles) character file.

Game seed: 6942169001900077309

247074 Malachi the Metamorph (level 19, 0/214 HPs)
             Began as an Octopode Shapeshifter on Oct 6, 2023.
             Was an Initiate of Gozag.
             Slain by a tentacle (19 damage)
             ... attached to a kraken
             ... on level 2 of the Shoals.
             The game lasted 01:25:24 (46112 turns).

Malachi the Metamorph (Octopode Shapeshifter)      Turns: 46112, Time: 01:25:24

Health: 0/214      AC: 19    Str: 36    XL:     19   Next: 98%
Magic:  19/19      EV: 26    Int: 12    God:    Gozag
Gold:   10219      SH:  0    Dex: 16    Spells: 18/18 levels left

rFire   + +          .
                       - Unarmed
rCold   + . .        (shield currently unavailable)
rNeg    + . .        k - melded +2 hat
rPois   +            t - amulet of the Four Winds {rN+ Will+++ Clar}
rElec   .            l - +4 ring of protection
rCorr   +            F - +5 ring of evasion
SInv    +            Y - ring "Roilemm" {rC+ Will+}
Will    +++++        H - ring of resist corrosion
Stlth   +            M - ring of Xom's Amusement {rC+ Str+6 Dex+3}
HPRegen 0.55/turn    o - ring of see invisible
MPRegen 0.16/turn    N - +5 ring of evasion
                     x - +4 ring of slaying

%: clarity
@: dragon-form, flying, studying Short Blades
A: dragon claw, dragon scales, breathe fire, flying, boosted hp, almost no
armour, amphibious, 8 rings, giant, (camouflage 1), (gelatinous body 1), (nimble
swimmer 1), (tentacles), (cold resistance 1), (electricity resistance), noise
suppression
}: 1/15 runes: serpentine
a: Breathe Fire, Begin Untransformation, Renounce Religion, Potion Petition,
Call Merchant, Bribe Branch


You were on level 2 of the Shoals.
You worshipped Gozag.
Gozag was extremely pleased with you.
You were a fearsome dragon!
You visited 7 branches of the dungeon, and saw 32 of its levels.
You visited 1 bazaar.
You also visited: Sewer and Gauntlet.

You collected 18612 gold pieces.
You spent 4707 gold pieces at shops.
You paid 3686 gold pieces to Gozag.

Inventory:

Missiles
 z - 9 curare-tipped darts
 O - 6 throwing nets
Armour
 k - a +2 hat (melded)
Jewellery
 h - the ring of Doubt {+Blink rF+ rC- Will+ Stlth+}
   (You acquired it on level 1 of the Elven Halls)

   [ring of protection from fire]

   rF+:       It protects you from fire.
   rC-:       It makes you vulnerable to cold.
   Will+:     It increases your willpower.
   +Blink:    It lets you blink.
   Stlth+:    It makes you more stealthy.
 j - a ring of protection from fire
 l - a +4 ring of protection (left foreclaw)
 o - a ring of see invisible (on tentacle)
 t - the amulet of the Four Winds (around neck) {rN+ Will+++ Clar}
   (You bought it in a shop in a bazaar)

   [amulet of nothing]

   rN+:       It protects you from negative energy.
   Will+++:   It greatly increases your willpower.
   Clar:      It protects you from confusion, rage, mesmerisation and fear.
 x - a +4 ring of slaying (on tentacle)
 F - a +5 ring of evasion (right foreclaw)
 H - a ring of resist corrosion (on tentacle)
 M - the ring of Xom's Amusement (on tentacle) {rC+ Str+6 Dex+3}
   (You found it on level 9 of the Dungeon)

   [ring of strength]

   Str+6:     It affects your strength (+6).
   Dex+3:     It affects your dexterity (+3).
   rC+:       It protects you from cold.
 N - a +5 ring of evasion (on tentacle)
 Q - a ring of protection from fire
 Y - the ring "Roilemm" (on tentacle) {rC+ Will+}
   (You found it in a Gauntlet)

   [ring of protection from cold]

   rC+:       It protects you from cold.
   Will+:     It increases your willpower.
Talismans
 b - a dragon-blood talisman (active)
 y - a talisman of death
 B - a blade talisman
 R - a serpent talisman
Wands
 n - a wand of polymorph (39)
 p - a wand of roots (33)
 s - a wand of light (10)
 A - a wand of mindburst (38)
 D - a wand of paralysis (33)
 E - a wand of flame (28)
 K - a wand of digging (3)
Scrolls
 g - 4 scrolls of blinking
 m - 3 scrolls of poison
 r - 10 scrolls of revelation
 u - 2 scrolls of torment
 J - a scroll of vulnerability
 L - 3 scrolls of enchant weapon
 P - 13 scrolls of teleportation
 U - 2 scrolls of silence
 X - 3 scrolls of fear
 Z - a scroll of enchant armour
Potions
 a - 4 potions of lignification
 c - 2 potions of enlightenment
 d - 14 potions of curing
 f - 8 potions of haste
 i - 2 potions of heal wounds
 q - 5 potions of ambrosia
 v - 4 potions of mutation
 w - 2 potions of invisibility
 C - 3 potions of berserk rage
 G - 6 potions of attraction
 S - 2 potions of might
 T - a potion of cancellation
 V - a potion of resistance
Miscellaneous
 e - a lightning rod (4/4)
 I - a condenser vane


   Skills:
 - Level 16.4 Fighting
 - Level 16.4 Dodging
 + Level 16.7 Unarmed Combat
 * Level 20.5 Shapeshifting


You had 18 spell levels left.
You didn't know any spells.
Your spell library contained the following spells:

 Spells                   Type           Power      Damage    Failure   Level
 Foxfire                  Conj/Fire      0%         2x1d4     32%         1
 Kiss of Death            Conj/Necr      0%         2d5       32%         1
 Necrotise                Necr           0%         1d4       32%         1
 Sandblast                Erth           0%         2d4       32%         1
 Shock                    Conj/Air       0%         1d3       32%         1
 Summon Small Mammal      Summ           0%         N/A       32%         1
 Blink                    Tloc           0%         N/A       45%         2
 Ensorcelled Hibernation  Hex/Ice        0%         N/A       45%         2
 Jinxbite                 Hex            0%         N/A       45%         2
 Lesser Beckoning         Tloc           0%         N/A       45%         2
 Momentum Strike          Conj/Tloc      0%         3d8       45%         2
 Passwall                 Tmut/Erth      0%         N/A       45%         2
 Scorch                   Fire           0%         2d5       45%         2
 Wereblood                Tmut           0%         N/A       45%         2
 Call Canine Familiar     Summ           0%         N/A       69%         3
 Gell's Gravitas          Tloc           0%         N/A       69%         3
 Hailstorm                Conj/Ice       0%         3d3       69%         3
 Inner Flame              Hex/Fire       0%         N/A       69%         3
 Ozocubu's Armour         Ice            0%         N/A       69%         3
 Sigil of Binding         Hex            0%         N/A       69%         3
 Stone Arrow              Conj/Erth      0%         3d7       69%         3
 Summon Guardian Golem    Hex/Summ       0%         N/A       69%         3
 Swiftness                Air            0%         N/A       69%         3
 Teleport Other           Tloc           0%         N/A       69%         3
 Tukima's Dance           Hex            0%         N/A       69%         3
 Vampiric Draining        Necr           0%         2d6       69%         3
 Airstrike                Air            0%         2d(0-16)  97%         4
 Anguish                  Hex/Necr       0%         N/A       97%         4
 Brom's Barrelling Bould  Conj/Erth      0%         2d3       97%         4
 Cause Fear               Hex            0%         N/A       97%         4
 Dimensional Bullseye     Hex/Tloc       0%         N/A       97%         4
 Flame Wave               Conj/Fire      0%         2d4       97%         4
 Iskenderun's Mystic Bla  Conj/Tloc      0%         2d3       97%         4
 Leda's Liquefaction      Hex/Erth       0%         N/A       97%         4
 Passage of Golubria      Tloc           0%         N/A       97%         4
 Sticky Flame             Conj/Fire      0%         2d3       97%         4
 Agony                    Necr           0%         N/A       100%        5
 Alistair's Intoxication  Tmut/Pois      0%         N/A       100%        5
 Arcjolt                  Conj/Air       0%         1d10      100%        5
 Borgnjor's Vile Clutch   Necr/Erth      0%         N/A       100%        5
 Irradiate                Conj/Tmut      0%         3d11      100%        5
 Iskenderun's Battlesphe  Conj           0%         2d6       100%        5
 Metabolic Englaciation   Hex/Ice        0%         N/A       100%        5
 Silence                  Hex/Air        0%         N/A       100%        5
 Yara's Violent Unravell  Hex/Tmut       0%         3d3       100%        5
 Bombard                  Conj/Erth      0%         9d1       100%        6
 Dispersal                Tloc           0%         N/A       100%        6
 Eringya's Noxious Bog    Tmut/Pois      0%         4d6       100%        6
 Summon Cactus Giant      Summ           0%         N/A       100%        6
 Enfeeble                 Hex            0%         N/A       100%        7
 Orb of Destruction       Conj           0%         9d5       100%        7
 Spellforged Servitor     Conj/Summ      0%         N/A       100%        7
 Lehudib's Crystal Spear  Conj/Erth      0%         10d2      100%        8
 Animate Armour           Summ/Erth      Unusable   N/A       N/A         4
 Simulacrum               Ice/Necr       Unusable   N/A       N/A         6

Dungeon Overview and Level Annotations

Branches:
Dungeon (15/15)            Temple (1/1) D:5            Lair (5/5) D:9
 Shoals (2/4) Lair:2        Snake (4/4) Lair:2        Slime (0/5) Lair:5
    Orc (2/2) D:9             Elf (3/3) Orc:2        Vaults (0/5) D:14
 Depths (0/4) D:15          Sewer (visited)         Gauntlet (visited)

Altars:
Ashenzari
Cheibriados
Dithmenos
Elyvilon
Fedhas
Gozag
Hepliaklqana
Kikubaaqudgha
Makhleb
Nemelex Xobeh
Okawaru
Qazlal
Ru
Sif Muna
Trog
Uskayaw
Vehumet
Wu Jian
Xom
Yredelemnul
Zin
The Shining One
Jiyva

Shops:
Orc:2 *=([   Elf:1 !   Elf:3 ?

Annotations:
D:9 2 transporters, Dnvifnvgi's ghost, novice MiFi
Lair:5 exclusion: 3 oklob plants


Innate Abilities, Weirdness & Mutations

You are a fearsome dragon!
You have a powerful clawing attack.
Your giant scaled body is strong and resilient, but less evasive.
You can breathe fire.
You are flying.
Your maximum health is greatly increased.
Your armour is entirely melded.
You are incapable of wielding weapons or throwing items.
You cannot wear most types of armour.
You are amphibious.
You can wear up to eight rings at the same time.
((Your skin changes colour to match your surroundings (Stealth+).))
((Your rubbery body absorbs attacks. (AC +1, EV +1)))
((You are camouflaged when in or above water. (Stealth+)))
((You have tentacles for arms and can constrict up to eight enemies at once.))
((Your flesh is cold resistant. (rC+)))
((You are resistant to electric shocks. (rElec)))
You passively dampen the noise of your surroundings.


Message History

The merfolk hits you from afar with a +0 trident!
The barbed spikes dig painfully into your body as you move.
The centaur warrior shoots an arrow.
The arrow hits you.
You see here 15 gold pieces.
The barbed spikes dig painfully into your body as you move.
The centaur warrior shoots an arrow.
The arrow hits you!!
* * * LOW HITPOINT WARNING * * *
The merfolk avatar chants a haunting song.
You are unaffected.
The merfolk completely misses you.
The centaur warrior shoots an arrow.
The arrow closely misses you.
The barbed spikes dig painfully into your body as you move.
* * * LOW HITPOINT WARNING * * *
The merfolk avatar chants a haunting song.
You are unaffected.
The barbed spikes dig painfully into your body as you move.
* * * LOW HITPOINT WARNING * * *
The centaur warrior shoots an arrow.
The arrow misses you.
The arrow hits the plant!!
The plant begins to die.
The merfolk barely misses you.
The merfolk avatar chants a haunting song.
You are unaffected.
Tentacles burst out of the water!
The centaur warrior shoots an arrow.
The arrow hits you!
* * * LOW HITPOINT WARNING * * *
3 tentacles come into view.
The barbed spikes dig painfully into your body as you move.
* * * LOW HITPOINT WARNING * * *
The merfolk hits you from afar with a +0 trident.
* * * LOW HITPOINT WARNING * * *
A tentacle comes into view.
The barbed spikes dig painfully into your body as you move.
* * * LOW HITPOINT WARNING * * *
The barbed spikes snap loose.
The centaur warrior shoots an arrow.
The arrow misses you. The merfolk completely misses you.
You see here 9 gold pieces.
The tentacle slaps you!
* * * LOW HITPOINT WARNING * * *
The tentacle slaps you!!
You die...
Your body crumbles into a pile of gold.

≈..# ~. ...# ≈≈~. #.#~#
≈≈≈~~# ####~.~###
≈≈≈≈≈~####........#
≈≈≈≈≈≈~...........~
≈≈≈≈≈≈~~...P...P..~
≈≈≈≈≈≈≈~wwP<.$...P.~
≈≈≈≈≈≈≈w~~.DP$......~
≈≈≈≈≈≈≈≈≈~~w.P$P...P.P
≈≈≈≈≈≈≈≈≈≈≈~~PP......P~
≈≈≈≈≈≈≈≈≈≈≈m~~~......~P
≈≈≈≈≈≈≈≈≈≈≈≈≈~~~P~...~~
≈≈≈≈≈≈≈X≈≈≈≈≈≈≈~~~~~~~~
≈≈≈≈≈≈≈≈≈≈$~.~≈~.....~~
≈≈X~~..~≈≈~c..≈~......~
≈≈~~..m.≈≈~.~~~~..##


You could see a kraken, a merfolk, a centaur warrior and 4 tentacles.

Vanquished Creatures
  Jorgrun (D:14)
  Rupert (D:15)
  Asterion (Elf:1)
  2 deep elf blademasters
  Gastronok (D:8)
  Aizul (Snake:1)
  Agnes (Elf:1)
  6 nagarajas (Snake:4)
  4 deep elf sorcerers (Elf:3)
  Louise (Elf:1)
  2 deep elf elementalists (Elf:1)
  A reaper (Gauntlet)
  An orc warlord (Orc:2)
  A stone giant (D:15)
  2 deep elf annihilators (Elf:3)
  5 deep elf demonologists
  The ghost of Amik the Cleaver, a journeyman HuGl of Trog (D:13)
  Azrael (D:15)
  A minotaur (Gauntlet)
  A deep elf death mage (Elf:2)
  A merfolk impaler (Shoals:1)
  A merfolk javelineer (Shoals:1)
  Josephine (D:15)
  A vault guard (D:14)
  Harold (D:11)
  4 salamander tyrants
  8 anacondas
  An ogre mage (D:15)
  4 hydras
  8 two-headed ogres
  7 centaur warriors
  Erica (D:10)
  2 boulder beetles
  3 tengu warriors
  15 naga warriors
  5 death yaks (Lair:4)
  A deep troll earth mage (D:14)
  33 dancing weapons
  18 naga sharpshooters
  13 spriggans (Lair:5)
  7 shock serpents
  Urug (D:10)
  Nergalle (Lair:1)
  14 deep elf knights
  Sonja (D:10)
  8 salamander mystics
  3 skysharks
  Lodul (D:14)
  7 sea snakes
  A glowing orange brain (D:14)
  5 naga ritualists
  A wizard (D:15)
  9 deep elf archers
  Pikel (D:5)
  7 harpies
  26 deep elf zephyrmancers
  6 ugly things
  2 orc knights
  6 mana vipers
  32 deep elf pyromancers
  5 orc sorcerers
  39 salamanders
  3 cyclopes
  9 manticores
  2 merfolk sirens (Lair:2)
  17 naga magi
  3 elephants (Lair:5)
  3 guardian serpents
  31 black mambas
  An eye of devastation (Gauntlet)
  4 gargoyles
  An ice statue (Lair:5)
  An efreet (D:14)
  19 cane toads
  5 komodo dragons
  An unseen horror (D:11)
  4 rime drakes
  Maggie (D:6)
  2 ice devils
  4 yaktaurs
  A tengu conjurer (D:11)
  9 polar bears
  10 trolls
  9 merfolk
  A wind drake (Shoals:2)
  A hellwing (Gauntlet)
  2 wolf spider simulacra (D:13)
  7 hornets (Lair:5)
  Grinder (D:5)
  Prince Ribbit (D:6)
  20 blink frogs
  A large abomination (Gauntlet)
  6 dream sheep
  4 centaur simulacra (D:13)
  A snapping turtle (Shoals:1)
  4 slime creatures (D:12)
  6 air elementals
  A shadow (D:11)
  8 wyverns
  4 vampires
  75 yaks
  3 fire bats (Orc:2)
  5 wraiths
  12 water elementals
  Eustachio (D:6)
  4 fire elementals
  A golden eye (Gauntlet)
  5 basilisks
  A hog (shapeshifter) (D:15)
  The ghost of Talonman3 the Conjurer, an amateur DrCj (D:4)
  A redback simulacrum (D:13)
  A steam dragon (D:9)
  9 vampire mosquitoes
  5 wargs
  55 nagas
  2 hell hounds (D:15)
  18 water moccasins
  Duvessa (D:6)
  4 small abominations (Gauntlet)
  A floating eye (Gauntlet)
  4 ice beasts (Lair:5)
  5 black bears
  40 orc warriors
  3 sky beasts
  12 ogres
  A tengu (D:3)
  29 wolves
  13 centaurs
  8 boggarts
  A phantom (D:5)
  Blork the orc (D:5)
  A necrophage (D:4)
  A gnoll sergeant (D:6)
  7 kobold brigands
  14 bullfrogs
  6 earth elementals
  5 scorpions
  Dowan (D:6)
  5 killer bees (D:9)
  An electric eel (Lair:2)
  2 howler monkeys (D:8)
  A crimson imp (D:15)
  A bullfrog zombie (D:4)
  5 lava snakes
  2 jellies (D:6)
  3 hounds
  A centaur skeleton (D:4)
  24 orc priests
  A gnoll bouda (D:4)
  A sleepcap (D:3)
  Jessica (D:3)
  43 orc wizards
  4 iguanas
  Natasha (thrice) (D:2)
  18 hell rats
  A howler monkey zombie (D:4)
  6 gnolls
  16 adders
  A river rat (Sewer)
  3 shadow imps
  3 white imps
  6 worms
  3 dart slugs
  93 orcs
  10 ball pythons
  6 endoplasms
  5 giant cockroaches
  8 goblins
  10 hobgoblins
  10 jackals
  5 quokkas
  5 bats
  3 frilled lizards
  32 kobolds
  7 rats
  A tentacle (Shoals:2)
1261 creatures vanquished.

Vanquished Creatures (collateral kills)
  A deep elf sorcerer (Elf:3)
  A deep elf demonologist (Elf:3)
  3 deep elf death magi (Elf:3)
  A dancing weapon (Elf:3)
  A deep elf archer (Elf:3)
  A deep elf pyromancer (Elf:3)
  A deep elf zephyrmancer (Elf:3)
9 creatures vanquished.

Vanquished Creatures (others)
  A deep elf blademaster (Elf:3)
  A deep elf sorcerer (Elf:3)
  A deep elf elementalist (Elf:3)
  3 deep elf demonologists (Elf:3)
  5 deep elf annihilators (Elf:3)
  3 deep elf death magi (Elf:3)
  A deep elf high priest (Elf:3)
  A boulder beetle (D:12)
  A naga warrior (Snake:4)
  An orc high priest (Elf:3)
  5 deep elf knights (Elf:3)
  3 deep elf pyromancers
  A deep elf zephyrmancer (Elf:3)
  A hornet (D:9)
  A blink frog (shapeshifter) (D:14)
  A basilisk (D:14)
  2 wargs (Elf:3)
  An orc warrior (D:12)
  A lava snake (Snake:1)
  An orc wizard (D:12)
  2 orcs (Elf:3)
  4 tentacles (Shoals:2)
41 creatures vanquished.

Grand Total: 1311 creatures vanquished

Notes
Turn   | Place    | Note
-------+----------+-------------------------------------------
     0 | D:1      | Malachi the Octopode Shapeshifter began the quest for the
                  | Orb.
     0 | D:1      | Reached XP level 1. HP: 13/13 MP: 1/1
   315 | D:1      | Reached XP level 2. HP: 18/18 MP: 2/2
  1259 | D:2      | Reached XP level 3. HP: 23/23 MP: 3/3
  1588 | D:2      | Reached XP level 4. HP: 29/29 MP: 4/4
  1616 | D:2      | Noticed Natasha
  1624 | D:2      | Killed Natasha
  1794 | D:2      | Noticed Natasha
  1799 | D:2      | Killed Natasha
  1800 | D:2      | Reached XP level 5. HP: 27/35 MP: 5/5
  2114 | D:2      | Noticed Natasha
  2136 | D:2      | Killed Natasha
  2449 | D:3      | Noticed Sigmund
  2451 | D:3      | Sigmund changed into Sigmund the tengu
  2451 | D:3      | Noticed Sigmund
  2457 | D:3      | Killed Sigmund the tengu
  2458 | D:3      | Reached skill level 4 in Shapeshifting
  2458 | D:3      | Reached XP level 6. HP: 37/42 MP: 6/6
  2516 | D:3      | Found a sacrificial altar of Ru.
  2545 | D:3      | Found a bloodstained altar of Trog.
  2663 | D:3      | Noticed Jessica
  2669 | D:3      | Killed Jessica
  2785 | D:4      | Found a transporter.
  2789 | D:4      | Noticed Talonman3's ghost (amateur DrCj)
  2810 | D:4      | Noticed a black bear
  2822 | D:4      | Killed a black bear
  2823 | D:4      | Reached XP level 7. HP: 35/46 MP: 7/7
  3079 | D:4      | Found a glowing drain.
  3097 | Sewer    | Entered a sewer
  3182 | Sewer    | Reached skill level 5 in Unarmed Combat
  3439 | D:4      | Identified the +5 quarterstaff of Zonaquax {flame, Fly
                  | Dex+4}
  3534 | D:4      | Reached XP level 8. HP: 54/54 MP: 8/8
  3546 | D:4      | Reached skill level 5 in Shapeshifting
  3790 | D:4      | Found a transporter.
  3835 | D:5      | Entered Level 5 of the Dungeon
  3934 | D:5      | Noticed Pikel
  3939 | D:5      | Killed Pikel
  3940 | D:5      | Reached skill level 5 in Fighting
  3940 | D:5      | Reached skill level 5 in Dodging
  4125 | D:5      | Noticed Blork the orc
  4136 | D:5      | Reached skill level 6 in Shapeshifting
  4136 | D:5      | Reached XP level 9. HP: 49/61 MP: 9/9
  4140 | D:5      | Killed Blork the orc
  4339 | D:5      | Found a shadowy altar of Dithmenos.
  4419 | D:5      | Found a staircase to the Ecumenical Temple.
  4454 | D:5      | Noticed Grinder
  4463 | D:5      | Killed Grinder
  4464 | D:5      | Reached skill level 7 in Shapeshifting
  4859 | Temple   | Entered the Ecumenical Temple
  4888 | Temple   | Became a worshipper of Gozag Ym Sagoz the Greedy
  5374 | D:6      | Noticed Prince Ribbit
  5380 | D:6      | Killed Prince Ribbit
  5420 | D:6      | Noticed Duvessa
  5421 | D:6      | Noticed Dowan
  5423 | D:6      | Reached skill level 8 in Shapeshifting
  5436 | D:6      | Killed Duvessa
  5444 | D:6      | Killed Dowan
  5765 | D:6      | Noticed Maggie
  5777 | D:6      | Killed Maggie
  5778 | D:6      | Reached skill level 9 in Shapeshifting
  6052 | D:6      | Noticed Eustachio
  6060 | D:6      | Killed Eustachio
  6112 | D:6      | Found an ornate altar of the Wu Jian Council.
  6147 | D:6      | Found an ancient bone altar of Kikubaaqudgha.
  6266 | D:6      | Reached XP level 10. HP: 49/66 MP: 10/10
  6434 | D:6      | Reached skill level 10 in Shapeshifting
  6659 | D:6      | HP: 1/66 [gnoll sergeant/+0 spear (10)]
  7934 | D:8      | Found a sparkling altar of Nemelex Xobeh.
  7937 | D:8      | Found a blossoming altar of Fedhas.
  7940 | D:8      | Found a glowing golden altar of the Shining One.
  7943 | D:8      | Found a hide-covered altar of Uskayaw.
  8098 | D:8      | Noticed Gastronok
  8112 | D:8      | Killed Gastronok
  8416 | D:8      | Reached XP level 11. HP: 34/74 MP: 11/11
  8912 | D:8      | Found a broken altar of Ashenzari.
  9369 | D:9      | Found a staircase to the Lair.
  9439 | D:9      | Reached skill level 11 in Shapeshifting
  9751 | D:9      | Found a transporter.
  9754 | D:9      | Noticed a two-headed ogre
  9755 | D:9      | Noticed Dnvifnvgi's ghost (novice MiFi)
  9757 | D:9      | Noticed a tengu warrior
  9773 | D:9      | Noticed a moth of wrath
  9774 | D:9      | Found a transporter.
  9780 | D:9      | Found a bloodstained altar of Trog.
  9977 | D:9      | Identified the ring of Xom's Amusement {rC+ Str+6 Dex+3}
 10359 | D:9      | Found a staircase to the Orcish Mines.
 10771 | D:4      | Killed Talonman3's ghost
 10904 | D:10     | Entered Level 10 of the Dungeon
 10904 | D:10     | Noticed Sonja
 10908 | D:10     | Killed Sonja
 10920 | D:10     | Noticed Erica
 10928 | D:10     | Killed Erica
 11268 | D:10     | Found a burning altar of Makhleb.
 11344 | D:10     | Found a sacrificial altar of Ru.
 11344 | D:10     | Noticed a manticore
 11344 | D:10     | Noticed a deep elf pyromancer
 11491 | Lair:1   | Entered Level 1 of the Lair of Beasts
 11709 | D:9      | Reached XP level 12. HP: 73/84 MP: 12/12
 12367 | Lair:1   | Noticed Nergalle
 12376 | Lair:1   | Killed Nergalle
 12818 | Lair:1   | Identified the +4 mace of Traps {freeze, MP+9}
 12846 | Lair:1   | Reached skill level 12 in Shapeshifting
 13413 | Lair:2   | Found a staircase to the Shoals.
 13966 | Lair:2   | Reached skill level 10 in Unarmed Combat
 14023 | Lair:2   | Noticed a skyshark
 14043 | Lair:2   | Killed a skyshark
 14325 | Lair:2   | Reached skill level 10 in Dodging
 14515 | Lair:2   | Reached skill level 10 in Fighting
 14515 | Lair:2   | Reached XP level 13. HP: 69/92 MP: 13/13
 14959 | Lair:2   | Found a staircase to the Snake Pit.
 15059 | Lair:2   | Identified a scroll of acquirement
 15059 | Lair:2   | Acquired 871 gold pieces
 16282 | Lair:4   | Reached skill level 13 in Shapeshifting
 17589 | Lair:5   | Entered Level 5 of the Lair of Beasts
 17608 | Lair:5   | Found a staircase to the Slime Pits.
 17608 | Lair:5   | Found a viscous altar of Jiyva.
 17715 | Lair:5   | Reached XP level 14. HP: 100/101 MP: 14/14
 17913 | Lair:5   | Reached skill level 14 in Shapeshifting
 19039 | Lair:5   | Found the +8 trishula "Condemnation" {holy, anguish, *Noise
                  | Fly rN+}
 19093 | Lair:5   | Identified the +1 ring mail of Soetaose {Str+6 Slay+2}
 19721 | D:10     | Noticed Urug
 19730 | D:10     | Killed Urug
 20255 | D:11     | Found a gate leading to a gauntlet.
 20267 | Gauntlet | Entered a Gauntlet
 20267 | Gauntlet | Found a transporter.
 20275 | Gauntlet | Found a transporter.
 20277 | Gauntlet | Found a transporter.
 20279 | Gauntlet | Found a transporter.
 20298 | Gauntlet | Found a transporter.
 20309 | Gauntlet | Found a transporter.
 20317 | Gauntlet | Found a transporter.
 20332 | Gauntlet | Found a transporter.
 20351 | Gauntlet | Found a transporter.
 20361 | Gauntlet | Noticed a reaper
 20362 | Gauntlet | Found the +2 ratskin cloak {*Rats rPois rN+ Str-1 Int-1
                  | Dex+1}
 20363 | Gauntlet | Found a transporter.
 20375 | Gauntlet | Found a transporter.
 20383 | Gauntlet | Found a large runed translucent door.
 20384 | Gauntlet | Found a large runed translucent door.
 20385 | Gauntlet | Found a large runed translucent door.
 20385 | Gauntlet | Found a large runed translucent door.
 20386 | Gauntlet | Found a runed translucent gate.
 20387 | Gauntlet | Found a transporter.
 20387 | Gauntlet | Found a runed translucent gate.
 20388 | Gauntlet | Found a runed translucent gate.
 20389 | Gauntlet | Found a large runed translucent door.
 20389 | Gauntlet | Found a large runed translucent door.
 20390 | Gauntlet | Found a large runed translucent door.
 20391 | Gauntlet | Found a large runed translucent door.
 20399 | Gauntlet | Found a transporter.
 20417 | Gauntlet | Found a transporter.
 20431 | Gauntlet | Found a large runed translucent door.
 20432 | Gauntlet | Found a large runed translucent door.
 20433 | Gauntlet | Found a large runed translucent door.
 20433 | Gauntlet | Found a large runed translucent door.
 20434 | Gauntlet | Found a runed translucent door.
 20435 | Gauntlet | Found a transporter.
 20436 | Gauntlet | Found a runed translucent door.
 20437 | Gauntlet | Found a large runed translucent door.
 20437 | Gauntlet | Found a large runed translucent door.
 20438 | Gauntlet | Found a large runed translucent door.
 20439 | Gauntlet | Found a large runed translucent door.
 20441 | Gauntlet | Found a transporter.
 20638 | Gauntlet | Found a transporter.
 20673 | Gauntlet | Reached skill level 15 in Shapeshifting
 20688 | Gauntlet | Identified the ring "Roilemm" {rC+ Will+}
 20741 | Gauntlet | Killed a reaper
 20746 | Gauntlet | Reached XP level 15. HP: 108/108 MP: 15/15
 20754 | Gauntlet | Identified the +8 morningstar "Synguod" {antimagic, rC+++
                  | rN+ Will- rCorr}
 21061 | D:11     | Noticed Harold
 21068 | D:11     | Killed Harold
 21660 | D:11     | Acquired 708 gold pieces
 21803 | Orc:1    | Entered Level 1 of the Orcish Mines
 22115 | Orc:2    | Entered Level 2 of the Orcish Mines
 22181 | Orc:2    | Found a staircase to the Elven Halls.
 22236 | Orc:2    | Found Eschuuni's Assorted Antiques.
 22277 | Orc:2    | Bought a scroll labelled MAMMAMOKAF for 26 gold pieces
 22277 | Orc:2    | Bought a scroll of teleportation for 78 gold pieces
 22277 | Orc:2    | Bought a vibrating jade amulet for 130 gold pieces
 22277 | Orc:2    | Identified the amulet of Nunibef {Spirit -Tele rC+++ rCorr
                  | Stlth+} (You bought it in a shop on level 2 of the Orcish
                  | Mines)
 22573 | Orc:2    | Noticed an orc warlord
 22602 | Orc:2    | Killed an orc warlord
 22656 | Orc:2    | Found Ecretzog's Antique Armour Shop.
 22660 | Orc:2    | Found Edar's Antique Weapon Boutique.
 23033 | Orc:2    | Found Lohi's Jewellery Shoppe.
 23041 | Orc:2    | Bought the macabre finger necklace {Finger+ rN+} for 440
                  | gold pieces
 23041 | Orc:2    | Found the macabre finger necklace {Finger+ rN+}
 23041 | Orc:2    | Bought a +4 ring of slaying for 858 gold pieces
 23041 | Orc:2    | Bought a talisman of death for 1250 gold pieces
 23376 | Orc:1    | Found a runed translucent door.
 23932 | D:12     | Found a shimmering altar of Xom.
 24329 | D:12     | Identified the +6 flail of Muweolivve {drain, Fly rF++
                  | rCorr Str-4}
 24937 | D:13     | Found a runed translucent gate.
 24937 | D:13     | Found a runed translucent gate.
 24937 | D:13     | Found a runed translucent gate.
 24967 | D:13     | Noticed Amik's ghost (journeyman HuGl)
 25600 | D:13     | Killed Amik's ghost
 25750 | D:13     | Got the ring "Naxompeq" {Fire Str+3 Dex+2}
 25790 | D:14     | Reached skill level 16 in Shapeshifting
 25795 | D:14     | Noticed Lodul
 25803 | D:14     | Killed Lodul
 25881 | D:14     | Noticed Jorgrun
 25894 | D:14     | Killed Jorgrun
 25911 | D:14     | Found a gate to the Vaults.
 26345 | D:14     | Reached XP level 16. HP: 75/117 MP: 16/16
 26718 | D:14     | Identified the +4 plate armour "Ruaniasa" {+Blink Fly rPois
                  | Int-4}
 26719 | D:14     | Identified the ring of Deyd {Wiz Str+4 Dex-3}
 27069 | D:15     | Entered Level 15 of the Dungeon
 27712 | D:15     | Noticed Rupert
 27723 | D:15     | Killed Rupert
 27807 | D:15     | Noticed Azrael
 27823 | D:15     | Killed Azrael
 27843 | D:15     | Noticed Josephine
 28258 | D:15     | Killed Josephine
 29289 | D:15     | Found a staircase to the Depths.
 29648 | Snake:1  | Entered Level 1 of the Snake Pit
 29683 | Snake:1  | Reached skill level 17 in Shapeshifting
 29983 | Snake:1  | Noticed Aizul
 30258 | Snake:1  | Killed Aizul
 32511 | Snake:2  | Reached XP level 17. HP: 124/124 MP: 17/17
 32608 | Snake:2  | Identified the +6 chain mail "Xereomie" {rCorr Dex-2
                  | Stlth+}
 35325 | Snake:3  | Reached skill level 18 in Shapeshifting
 35878 | Snake:3  | Gained mutation: You are covered in fur. (AC +1) [potion of
                  | mutation]
 35878 | Snake:3  | Gained mutation: One of your tentacles bears a spike.
                  | [potion of mutation]
 35879 | Snake:3  | Lost mutation: One of your tentacles bears a spike. [potion
                  | of mutation]
 35879 | Snake:3  | Lost mutation: You are covered in fur. (AC +1) [potion of
                  | mutation]
 35879 | Snake:3  | Gained mutation: You passively dampen the noise of your
                  | surroundings. [potion of mutation]
 35879 | Snake:3  | Gained mutation: Your flesh is cold resistant. (rC+)
                  | [potion of mutation]
 35879 | Snake:3  | Gained mutation: You are resistant to electric shocks.
                  | (rElec) [potion of mutation]
 36243 | Snake:4  | Entered Level 4 of the Snake Pit
 36625 | Snake:4  | Found a white marble altar of Elyvilon.
 36991 | Snake:4  | HP: 3/151 [naga sharpshooter/arrow (18)]
 37345 | Snake:4  | Reached skill level 15 in Unarmed Combat
 37523 | Snake:4  | Reached XP level 18. HP: 101/133 MP: 18/18
 37699 | Snake:4  | Reached skill level 15 in Dodging
 38296 | Snake:4  | Reached skill level 15 in Fighting
 39254 | Snake:4  | Got a serpentine rune of Zot
 39282 | Snake:4  | Reached skill level 19 in Shapeshifting
 39591 | Elf:1    | Entered Level 1 of the Elven Halls
 39606 | Elf:1    | Acquired 928 gold pieces
 39608 | Elf:1    | Acquired 1018 gold pieces
 39610 | Elf:1    | Acquired the ring of Doubt {+Blink rF+ rC- Will+ Stlth+}
 39646 | Elf:1    | Found a radiant altar of Vehumet.
 39785 | Elf:1    | Paralysed by an air elemental for 1 turns
 40106 | Elf:1    | Found Sohet's Distillery.
 40106 | Elf:1    | Noticed Agnes
 40110 | Elf:1    | Killed Agnes
 40122 | Elf:1    | Noticed Asterion
 40139 | Elf:1    | Killed Asterion
 40391 | Elf:1    | Noticed Louise
 40404 | Elf:1    | Killed Louise
 40469 | Elf:1    | Paralysed by an air elemental for 1 turns
 40475 | Elf:1    | Paralysed by an air elemental for 1 turns
 41200 | Elf:1    | Got an uncut book
 41213 | Elf:1    | Got a leatherbound book
 41228 | Elf:1    | Got a mumbling book
 41720 | Elf:2    | Found a flickering gateway to a bazaar.
 41742 | Elf:2    | Reached XP level 19. HP: 141/141 MP: 19/19
 41786 | Bazaar   | Entered a bazaar
 41786 | Bazaar   | Found Usirghoeg's Antique Weapon Emporium.
 41786 | Bazaar   | Found Taeqink's Book Shop.
 41786 | Bazaar   | Found Yruarph's Weapon Shoppe.
 41786 | Bazaar   | Found Voxier's Distillery.
 41788 | Bazaar   | Found Qupsike's Jewellery Shoppe.
 41788 | Bazaar   | Found Yntikux's Assorted Antiques.
 41797 | Bazaar   | Bought the amulet of the Four Winds {rN+ Will+++ Clar} for
                  | 667 gold pieces
 41797 | Bazaar   | Found the amulet of the Four Winds {rN+ Will+++ Clar}
 41825 | Bazaar   | Bought a dragon-blood talisman for 880 gold pieces
 41834 | Bazaar   | Bought a wand of mindburst (4) for 117 gold pieces
 41852 | Bazaar   | Bought a potion of mutation for 72 gold pieces
 41852 | Bazaar   | Bought a potion of haste for 90 gold pieces
 41852 | Bazaar   | Bought a potion of enlightenment for 45 gold pieces
 41852 | Bazaar   | Bought a potion of curing for 27 gold pieces
 41852 | Bazaar   | Bought a potion of curing for 27 gold pieces
 42082 | Elf:2    | Paralysed by an air elemental for 1 turns
 42282 | Elf:2    | Found a runed translucent gate.
 42282 | Elf:2    | Found a runed translucent gate.
 42284 | Elf:2    | Found a runed translucent gate.
 42863 | Elf:2    | Reached skill level 20 in Shapeshifting
 43260 | Elf:3    | Entered Level 3 of the Elven Halls
 43485 | Elf:3    | Paralysed by an air elemental for 1 turns
 43487 | Elf:3    | Paralysed by an air elemental for 1 turns
 44046 | Elf:3    | Identified the +8 battleaxe "Bingo" {flame, MP+9}
 44047 | Elf:3    | Identified the +11 great sword of Diat {flame, rN+}
 44058 | Elf:3    | Identified the +1 plate armour of Busysk {Dex+2}
 44076 | Elf:3    | Identified the +1 ring mail "Fiyfir" {rPois}
 44084 | Elf:3    | Identified the +3 rapier of Wealth {freeze, *Corrode rF+
                  | rN+ Str+2}
 44131 | Elf:3    | Got a dog-eared book
 44142 | Elf:3    | Got a conspicuous book
 44285 | Elf:3    | Identified the staff of Woe {Dex+2 Conj}
 44584 | Elf:3    | Found Peesmon's Magic Scroll Shoppe.
 45012 | Shoals:1 | Entered Level 1 of the Shoals
 46112 | Shoals:2 | Slain by a tentacle

Illustrated notes

Levels and vault maps discovered:
D:1:      scummos_arrival_simple_fountains, layout_basic, nicolae_hexahallways
D:2:      layout_loops_ring, uniq_natasha
D:3:      layout_rooms, minitemple, kennysheep_jessica_study, uniq_sigmund
D:4:      layout_cave_pools, gup_sewer_entry_glass, gammafunk_ghost_mausoleum,
          minmay_circle_x
D:5:      layout_cave_pods, nicolae_dithmenos_the_darkroom, temple_fountains,
          feat_on_display, uniq_grinder, uniq_blork_the_orc, uniq_pikel
D:6:      layout_basic, mainiacjoe_overflow_tiny_flanked,
          nicolae_wu_jian_immortal_techniques, hangedman_decor_points,
          uniq_duvessa, uniq_maggie, uniq_prince_ribbit1, uniq_eustachio
D:7:      layout_basic, minmay_checkerbox
D:8:      layout_gridville, grunt_temple_overflow_cloverleaf,
          mainiacjoe_overflow_concentric_impassable, uniq_gastronok
D:9:      layout_basic, minmay_lair_entry_grove, david_orc_4,
          gammafunk_ghost_wrathful_warriors
D:10:     layout_irregular_city, lightli_temple_of_fire, minmay_ruined_shrine,
          uniq_sonja, uniq_erica, uniq_urug
D:11:     layout_gridville, gauntlet_entry_generic, nicolae_underground_beach,
          uniq_harold
D:12:     layout_grid_maze, serial_glass, glass_columns_b, glass_columns_a,
          glass_columns_b, glass_columns_a, glass_columns_b, glass_columns_c,
          glass_columns_a, glass_columns_c, glass_columns_c, glass_columns_a,
          glass_columns_b, glass_columns_a, glass_columns_b, glass_columns_b,
          chequers_serial_rivers_large_b, xom_confusion_cloud
D:13:     layout_irregular_city, gammafunk_ghost_icy
D:14:     layout_basic, hellmonk_vaults_order_and_chaos, serial_bayou_pond_e,
          minmay_checkered_concentric_circles, uniq_lodul, uniq_jorgrun
D:15:     grunt_enter_depths_snipers, layout_layer_cave, columned_hall_lemuel,
          lightli_wizard_tower, uniq_azrael, uniq_rupert, uniq_josephine
Temple:   grunt_temple_mini_profane
Lair:1:   layout_misc_corridors, grunt_megastairs_3, uniq_nergalle
Lair:2:   layout_long_grid, elwin_shoals_entry_stream,
          guppyfry_snake_entry_garden, nicolae_lair_lil_pond, minmay_hedge_maze,
          infiniplex_staircase_pool
Lair:3:   layout_chaotic_city, serial_rivers, chequers_serial_rivers_large_a,
          chequers_serial_rivers_small_b, chequers_serial_rivers_micro_d,
          chequers_serial_rivers_room_a, chequers_serial_rivers_room_b,
          chequers_serial_rivers_small_b, lemuel_fruit_fields
Lair:4:   layout_roguey, lemuel_fruit_fields, lemuel_fruit_fields
Lair:5:   minmay_lair_end_enchanted_forest, layout_gridlike,
          minmay_slime_entry_oklob_open, ice2_lemuel
Shoals:1: layout_shoals
Shoals:2: layout_shoals, serial_shops, nicolae_take_the_stairs,
          hangedman_shoals_cup_caves
Snake:1:  layout_basic, serial_bayou_shore_a, uniq_aizul
Snake:2:  layout_chambers, nicolae_snake_slithery_corners
Snake:3:  layout_cave_pods
Snake:4:  minmay_snake_end_coiled, layout_grid_maze, basic_altar
Orc:1:    layout_diamond_mine, lightli_church_of_beogh
Orc:2:    grunt_orc_community_town_hall, layout_caves,
          grunt_orc_community_big_house_1, grunt_orc_community_big_house_2,
          grunt_orc_community_house_3, grunt_orc_community_house_2,
          grunt_orc_community_house_2, grunt_orc_community_house_1,
          grunt_orc_community_house_2, grunt_orc_community_house_2,
          nicolae_volcano_entry_batcave, basic_altar
Elf:1:    eino_elf_arrival_altar, layout_geoelf_octagon, serial_shops,
          shop_fountains, evilmike_minifort, st_stairs_3,
          nicolae_elf_elemental_lessons, uniq_louise, uniq_asterion, uniq_agnes
Elf:2:    nicolae_elf_blades_splatter_lattice [nicolae_blade_lattice],
          layout_loops_cross, serial_shops, bzr_entry_gold
Elf:3:    grunt_elf_hall_spiral, layout_geoelf_octagon, serial_shops,
          nicolae_shop_rolling_square

Skill      XL: |  1  2  3  4  5  6  7  8  9 10 11 12 13 14 15 16 17 18 19 |
---------------+----------------------------------------------------------+-----
Fighting       | 2 3 4 5 6 8 10 11 12 13 14 15 16 | 16.4
Dodging        | 3 4 5 7 8 10 11 12 13 14 15 16 | 16.4
Unarmed Combat | 4 5 6 7 9 10 11 12 13 14 15 16 | 16.7
Shapeshifting  | 4 6 9 10 11 12 13 15 16 17 18 19 20 | 20.5

Action                     |  1- 3 |  4- 6 |  7- 9 | 10-12 | 13-15 | 16-18 | 19-21 || total
---------------------------+-------+-------+-------+-------+-------+-------+-------++-------
  Melee: Unarmed           |    68 |    86 |   241 |   484 |  1178 |  1100 |   246 ||  3403
         Tentacles         |     8 |    14 |    58 |    87 |     7 |       |       ||   174
         Constrict         |    18 |    18 |    59 |    69 |   273 |   266 |     3 ||   706
         Punch             |     3 |     4 |    11 |    24 |     3 |       |    25 ||    70
         Tailslap          |       |       |       |       |       |       |    36 ||    36
         Bite              |       |       |       |       |       |       |    17 ||    17
 Invoke: Potion Petition   |       |       |       |       |       |       |     1 ||     1
         Bribe Branch      |       |       |       |       |       |       |     1 ||     1
Ability: Begin Untransform |       |       |       |       |       |     2 |       ||     2
         Breathe Fire      |       |       |       |       |       |       |     3 ||     3
  Evoke: Wand              |       |     1 |     3 |     8 |       |       |       ||    12
         Lightning rod     |       |       |       |       |       |     2 |       ||     2
    Use: Scroll            |       |     5 |     6 |     9 |     9 |     6 |     2 ||    37
         Potion            |       |       |       |     7 |     7 |    11 |       ||    25
   Stab: Sleeping          |     7 |     6 |     4 |     3 |     3 |     3 |     1 ||    27
         Distracted        |       |       |     1 |     5 |    11 |     6 |     4 ||    27
         Invisible         |       |       |     1 |     2 |       |       |       ||     3
 Armour: Skin              |    26 |    34 |   108 |   221 |   376 |   536 |   169 ||  1470
  Dodge: Dodged            |    30 |    63 |   148 |   459 |  1154 |  1244 |   221 ||  3319
  Block: Other             |       |       |       |       |       |   116 |     7 ||   123
         Reflection        |       |       |       |       |       |    24 |     2 ||    26
   Form: Blade             |       |       |       |     2 |       |       |       ||     2
         Beast             |       |       |       |     1 |       |       |       ||     1
         Anaconda          |       |       |       |       |     1 |     2 |       ||     3
         Dragon            |       |       |       |       |       |       |     1 ||     1

Table legend: (Time is in decaauts)
 A = Elapsed time spent in this place.
 B = Non-inter-level travel time spent in this place.
 C = Inter-level travel time spent in this place.
 D = Time resting spent in this place.
 E = Time spent auto-exploring this place.
 F = Levels seen in this place.
 G = Mean time per level.
                   A        B        C        D        E       F      G
               +--------+--------+--------+--------+--------+-----+--------+
         Total |  45348 |  42424 |   2924 |   9535 |  23655 |  35 | 1295.7 |
       Dungeon |  19387 |  17693 |   1694 |   3123 |  11304 |  15 | 1292.5 |
        Temple |     52 |     13 |     39 |      0 |      0 |   1 |   52.0 |
          Lair |   8683 |   8337 |    346 |   2796 |   3979 |   5 | 1736.6 |
        Shoals |   1080 |   1017 |     63 |      0 |    880 |   2 |  540.0 |
     Snake Pit |   8258 |   8035 |    223 |   2668 |   3640 |   4 | 2064.5 |
  Orcish Mines |   1820 |   1566 |    254 |     40 |    938 |   2 |  910.0 |
   Elven Halls |   4992 |   4689 |    303 |    737 |   2719 |   3 | 1664.0 |
        Bazaar |     81 |     81 |      0 |      0 |      0 |   1 |   81.0 |
         Sewer |    300 |    300 |      0 |      0 |    195 |   1 |  300.0 |
      Gauntlet |    690 |    690 |      0 |    170 |      0 |   1 |  690.0 |
               +--------+--------+--------+--------+--------+-----+--------+

Top non-repeatable levels by time:
     D:9: 2804 daAuts
  Lair:2: 2708 daAuts
 Snake:4: 2683 daAuts
 Snake:2: 2499 daAuts
     D:6: 2175 daAuts
    D:15: 2028 daAuts
   Elf:1: 1881 daAuts
   Elf:2: 1875 daAuts
  Lair:5: 1819 daAuts
  Lair:1: 1696 daAuts
    D:14: 1609 daAuts
 Snake:1: 1549 daAuts
 Snake:3: 1526 daAuts
  Lair:3: 1353 daAuts
     D:8: 1241 daAuts
